 Dungeon Crawl Stone Soup version 0.32-a0-119-g2e8054a333 (webtiles) character file.

Game seed: 12768025770545780495

4013 seren the Mimic (level 10, 0/84 HPs)
             Began as a White Draconian Shapeshifter on Feb 6, 2024.
             Was a Believer of Wu Jian.
             Slain by an orc warrior
             ... wielding a +0 glaive
              (26 damage)
             ... in a bailey.
             The game lasted 00:23:26 (7510 turns).

seren the Mimic (White Draconian Shapeshifter)      Turns: 7510, Time: 00:23:26

Health: 0/84       AC:  9    Str: 19    XL:     10   Next: 3%
Magic:  10/10      EV: 19    Int: 11    God:    Wu Jian [**....]
Gold:   308        SH:  0    Dex: 18    Spells: 9/9 levels left

rFire   . .          .
                       - Unarmed
rCold   + . .        (shield currently unavailable)
rNeg    . . .        (body armour unavailable)
rPois   .            (helmet restricted)
rElec   .            u - +0 cloak
rCorr   .            (no gloves)
SInv    .            d - +0 pair of boots
Will    .....        (no amulet)
Stlth   +            k - +4 ring of slaying
HPRegen 0.34/turn    D - +6 ring of dexterity
MPRegen 0.12/turn

%: no passive effects
@: flux-form, glowing
A: glow, contaminating, breathe frost, AC +7, unfitting armour, cold resistance
1, cold-blooded
a: Breathe Frost, Begin Untransformation, Renounce Religion, Wall Jump


You were in a bailey.
You worshipped Wu Jian.
Wu Jian was pleased with you.
You were something dangerously unstable.
You visited 2 branches of the dungeon, and saw 8 of its levels.
You also visited: Sewer and Bailey.

You collected 341 gold pieces.
You spent 33 gold pieces at shops.

Inventory:

Hand Weapons
 b - the +10 dagger of Freehold {flame, rF+++ rN+ Str-5 Int+2}
   (You found it on level 4 of the Dungeon)

   Str-5:     It affects your strength (-5).
   Int+2:     It affects your intelligence (+2).
   rF+++:     It renders you almost immune to fire.
   rN+:       It protects you from negative energy.
 m - a +0 vampiric short sword
Missiles
 o - a throwing net (quivered)
Armour
 d - a +0 pair of boots (worn)
 u - a +0 cloak (worn)
Jewellery
 k - a +4 ring of slaying (left hand)
 D - a +6 ring of dexterity (right hand)
Talismans
 c - a flux talisman (active)
 A - a beast talisman
Wands
 s - a wand of charming (35)
Scrolls
 a - 2 scrolls of torment {unknown}
 e - 6 scrolls of identify
 f - 3 scrolls of enchant armour {unknown}
 h - a scroll of immolation {unknown}
 i - 7 scrolls of teleportation {unknown}
 n - 2 scrolls of fear {unknown}
 q - 2 scrolls of silence {unknown}
 r - a scroll of brand weapon {unknown}
 y - 3 scrolls of fog {unknown}
 C - a scroll of poison {unknown}
 E - a scroll of noise {unknown}
 G - a scroll of vulnerability {unknown}
Potions
 g - 5 potions of heal wounds
 j - a potion of attraction {unknown}
 l - 4 potions of haste
 p - 3 potions of curing
 v - 3 potions of might {unknown}
 w - 5 potions of magic {unknown}
 x - 5 potions of resistance {unknown}
 z - 2 potions of cancellation {unknown}
 B - a potion of enlightenment {unknown}
 F - a potion of ambrosia {unknown}
 H - 2 potions of invisibility {unknown}


   Skills:
 + Level 6.7 Fighting
 + Level 5.8 Dodging
 + Level 7.2 Unarmed Combat
 - Level 5.0 Evocations
 * Level 8.0 Shapeshifting


You had 9 spell levels left.
You didn't know any spells.
Your spell library contained the following spells:

 Spells                   Type           Power      Damage    Failure   Level
 Cigotuvi's Dreadful Rot  Necr/Alch/Air  0%         N/A       47%         2
 Lesser Beckoning         Tloc           0%         N/A       47%         2
 Gell's Gravitas          Tloc           0%         N/A       71%         3
 Teleport Other           Tloc           0%         N/A       71%         3
 Dispel Undead            Necr           0%         3d6       98%         4
 Martyr's Knell           Necr/Summ      0%         N/A       98%         4
 Death Channel            Necr           0%         N/A       100%        6


Dungeon Overview and Level Annotations

Branches:
Dungeon (7/15)             Temple (1/1) D:5           Sewer (visited)
 Bailey (1/1)

Altars:
Ashenzari
Cheibriados
Dithmenos
Elyvilon
Hepliaklqana
Makhleb
Nemelex Xobeh
Okawaru
Qazlal
Ru
Sif Muna
Trog
Uskayaw
Vehumet
Wu Jian
Xom
Zin
The Shining One

Shops:
D:3 ![!

Annotations:
D:3 1 runed translucent door, Crazy Yiuf
D:6 Jeremiah
D:7 2 transporters, senseless's ghost, novice DsSh


Innate Abilities, Weirdness & Mutations

You are something dangerously unstable.
You glow with magical radiation, making you easy to see and hit.
Foes you strike become dangerously contaminated with magical radiation.
You are incapable of wielding weapons or throwing items.
You can breathe waves of freezing cold which knock back foes.
Your icy white scales are hard. (AC +7)
You cannot fit into any form of body armour.
Your flesh is cold resistant. (rC+)
You are cold-blooded and may be slowed by cold attacks.


Message History

You barely miss the orc knight.
The orc knight is moderately wounded.
The orc knight completely misses you. The orc warrior closely misses you.
You hit the orc knight but do no damage.
The orc knight begins to glow.
The orc knight is moderately wounded.
The orc knight roars a battlecry!
The orcs go into a battle-frenzy!
The orc warrior closely misses you.
You hit the orc knight.
The orc knight glows dangerously bright.
The orc knight is heavily wounded.
The orc knight hits you with a +0 trident!
* * * LOW HITPOINT WARNING * * *
You hit the orc knight.
The orc knight shudders as magic cascades through it.
The orc knight twists and deforms.
Your tail-slap misses the orc knight.
The orc knight is heavily wounded.
The orc warrior barely misses you.
The orc hits you from afar with a +0 halberd!
* * * LOW HITPOINT WARNING * * *
You lunge at the orc warrior, in a flurry of attacks.
You hit the orc warrior.
The orc warrior begins to glow.
The orc warrior is moderately wounded.
You punch the orc warrior!
The orc warrior glows dangerously bright.
The orc warrior is heavily wounded.
You spin and attack the orc knight.
You hit the orc knight.
The orc knight begins to glow.
The orc knight is severely wounded.
The orc warrior complains to no one in particular.
The orc warrior completely misses you. The orc misses you.
The orc warrior hits you from afar with a +0 spear!
* * * LOW HITPOINT WARNING * * *
The orc knight hits you with a +0 trident.
* * * LOW HITPOINT WARNING * * *
You feel much better.
The orc warrior no longer looks unusually strong.
The orc warrior hits you with a +0 glaive!!
You die...

##### ####### ####### )...##
##...o.#########.....##
.....######.....po#.....#...)...'
#....#....#..##..o'....))..#....'
.....'....'..ß...o'....)')......'
#)...#....#..##...'.....'..#....'
))...######.......#.....#.......'
)...## ##.....#########.....##
##### ####### #######


You could see an orc knight (contam, misshapen), 2 orc warriors and an orc
(strong).

Vanquished Creatures
  An orc knight (Bailey)
  Maurice (D:7)
  A shadow (D:5)
  Menkaure (D:7)
  A water moccasin (D:6)
  A black bear (D:4)
  6 orc warriors
  Pargi (D:4)
  An ice beast (D:7)
  3 ogres
  2 phantoms (D:4)
  2 scorpions (D:5)
  5 wights (D:6)
  2 howler monkeys
  4 jellies
  A gnoll bouda (Temple)
  3 hounds (D:6)
  4 orc priests
  Ijyb (D:4)
  Jessica (D:3)
  9 iguanas
  4 orc wizards
  Robin (D:3)
  11 gnolls
  6 adders
  3 river rats (Sewer)
  2 ufetubi (D:6)
  A dart slug (D:1)
  6 ribbon worms
  31 orcs
  19 endoplasms
  6 giant cockroaches
  10 hobgoblins
  6 jackals
  3 quokkas
  12 ball pythons
  7 bats
  5 frilled lizards
  14 goblins
  6 kobolds
  9 rats
213 creatures vanquished.

Vanquished Creatures (collateral kills)
  3 orcs (Bailey)
  A goblin (D:4)
4 creatures vanquished.

Vanquished Creatures (others)
  An orc warrior (Bailey)
1 creature vanquished.

Grand Total: 218 creatures vanquished

Notes
Turn   | Place    | Note
-------+----------+-------------------------------------------
     0 | D:1      | seren the Draconian Shapeshifter began the quest for the
                  | Orb.
     0 | D:1      | Reached XP level 1. HP: 16/16 MP: 1/1
   189 | D:1      | Reached XP level 2. HP: 23/23 MP: 2/2
   664 | D:1      | Reached XP level 3. HP: 25/29 MP: 3/3
   856 | D:2      | You fall into a shaft and drop 2 floors!
   912 | D:4      | Reached XP level 4. HP: 30/36 MP: 4/4
   944 | D:4      | Noticed a black bear
   960 | D:4      | Killed a black bear
   961 | D:4      | Reached XP level 5. HP: 42/42 MP: 5/5
  1051 | D:3      | Noticed Pargi
  1097 | D:4      | Killed Pargi
  1098 | D:4      | Reached skill level 1 in Evocations
  1098 | D:4      | Reached XP level 6. HP: 38/51 MP: 6/6
  1252 | D:3      | Found a faded altar of an unknown god.
  1344 | D:3      | Found a glowing drain.
  1350 | Sewer    | Entered a sewer
  1774 | Sewer    | Reached skill level 4 in Shapeshifting
  1799 | Sewer    | Found a viscous altar of Jiyva.
  1929 | D:3      | Noticed Robin
  1942 | D:3      | Killed Robin
  1949 | D:3      | Noticed Jessica
  1963 | D:3      | Killed Jessica
  1964 | D:3      | Reached skill level 5 in Unarmed Combat
  2044 | D:3      | Found Quphuoc's Distillery.
  2053 | D:3      | Bought a potion of curing for 33 gold pieces
  2237 | D:3      | Found a runed translucent door.
  2238 | D:3      | Noticed Crazy Yiuf
  2777 | D:3      | Found Ezyritt's Armour Shop.
  2789 | D:3      | Found Neczidao's Distillery.
  3369 | D:4      | Your scales start taking on an icy white colour.
  3369 | D:4      | Reached XP level 7. HP: 50/57 MP: 7/7
  3369 | D:4      | Gained mutation: Your flesh is cold resistant. (rC+) [White
                  | Draconian growth]
  3394 | D:4      | Noticed Ijyb
  3401 | D:4      | Killed Ijyb
  3406 | D:4      | Identified the +10 dagger of Freehold {flame, rF+++ rN+
                  | Str-5 Int+2}
  3427 | D:4      | Found a white marble altar of Elyvilon.
  3910 | D:5      | Entered Level 5 of the Dungeon
  3910 | D:5      | Noticed a shadow
  4128 | D:5      | Reached skill level 5 in Shapeshifting
  4540 | D:5      | Reached XP level 8. HP: 59/66 MP: 8/8
  4674 | D:5      | Found a staircase to the Ecumenical Temple.
  4687 | Temple   | Entered the Ecumenical Temple
  4760 | Temple   | Became a worshipper of the Wu Jian Council
  5425 | D:6      | Reached skill level 5 in Fighting
  5425 | D:6      | Reached skill level 6 in Shapeshifting
  5471 | D:6      | Noticed Jeremiah
  6393 | D:6      | Reached XP level 9. HP: 62/74 MP: 9/9
  6425 | D:6      | Reached * piety under Wu Jian
  6646 | D:7      | Noticed Menkaure
  6661 | D:7      | Killed Menkaure
  6662 | D:7      | Reached skill level 5 in Dodging
  6696 | D:7      | Noticed Maurice
  6701 | D:7      | Maurice stole the +10 dagger of Freehold {flame, rF+++ rN+
                  | Str-5 Int+2}
  6702 | D:7      | Maurice stole a beast talisman
  6704 | D:7      | Maurice stole a throwing net
  6719 | D:7      | Something stole 204 gold
  6736 | D:7      | Killed Maurice
  6737 | D:7      | Reached skill level 7 in Shapeshifting
  6866 | D:7      | Identified the +10 short sword "Earthworm" {antimagic, rC++
                  | Will- Str+3 Dex+3}
  6904 | D:7      | Found a transporter.
  6906 | D:7      | Noticed senseless's ghost (novice DsSh)
  6907 | D:7      | Found a transporter.
  6907 | D:7      | Identified the +4 giant club of Res Nullius {flame, rElec
                  | rPois rCorr Int+2}
  6907 | D:7      | Noticed a two-headed ogre
  7048 | D:7      | Found a flagged portal.
  7062 | Bailey   | Entered a bailey
  7095 | Bailey   | Reached skill level 5 in Evocations
  7463 | Bailey   | Reached ** piety under Wu Jian
  7476 | Bailey   | Noticed an orc knight
  7481 | Bailey   | Noticed an orc knight
  7484 | Bailey   | Killed an orc knight
  7485 | Bailey   | Reached skill level 8 in Shapeshifting
  7485 | Bailey   | Reached XP level 10. HP: 63/84 MP: 10/10
  7509 | Bailey   | HP: 4/84 [orc warrior/+0 spear (14)]
  7509 | Bailey   | HP: 1/84 [orc knight/+0 trident (3)]
  7510 | Bailey   | Slain by an orc warrior

Illustrated notes

Levels and vault maps discovered:
D:1:      minmay_arrival_jagged, layout_loops_ring
D:2:      layout_loops_cross
D:3:      layout_basic, dreamdust_ecumenical_altar_statues, serial_shops, shop,
          nicolae_shop_temple_entry_statues_fountains, shop,
          mainiacjoe_sewer_entry_somewhere_in_here_2, minmay_misc_feat_columns,
          uniq_crazy_yiuf_cottage, uniq_jessica, uniq_robin, uniq_pargi
D:4:      layout_loops_ring, mainiacjoe_overflow_alcove_1,
          lightli_corner_chamber, uniq_ijyb
D:5:      layout_basic, minmay_temple_entry_slanted
D:6:      layout_loops_ring, uniq_jeremiah
D:7:      layout_loops_ring, enter_bailey_4, gammafunk_ghost_smash,
          uniq_menkaure, uniq_maurice
Temple:   minmay_temple_bridge_d
Bailey:   bailey_polearm_5, bailey

Skill      XL: |  1  2  3  4  5  6  7  8  9 |
---------------+----------------------------+-----
Dodging        | 2 3 4 5 |  5.8
Fighting       | 2 3 4 5 6 |  6.7
Unarmed Combat | 4 5 6 7 |  7.2
Evocations     | 1 2 3 4 5 |  5.0
Shapeshifting  | 4 5 6 8 |  8.0

Action                     |  1- 3 |  4- 6 |  7- 9 | 10-12 || total
---------------------------+-------+-------+-------+-------++-------
  Melee: Unarmed           |    75 |   144 |   348 |     8 ||   575
         Tailslap          |     4 |    16 |    62 |       ||    82
         Punch             |     2 |     4 |     8 |       ||    14
Ability: Begin Untransform |     1 |     1 |     1 |       ||     3
         Lunge             |       |       |    27 |     2 ||    29
         Whirlwind         |       |       |    12 |     1 ||    13
  Evoke: Wand              |       |     4 |     5 |     4 ||    13
    Use: Potion            |       |     3 |     2 |     1 ||     6
         Scroll            |       |       |     1 |       ||     1
   Stab: Sleeping          |     1 |     2 |       |       ||     3
 Armour: Skin              |    35 |    83 |   178 |     9 ||   305
  Dodge: Dodged            |    57 |    67 |   278 |    11 ||   413
   Form: Beast             |     1 |     1 |       |       ||     2
         Flux              |       |       |     2 |       ||     2

Table legend: (Time is in decaauts)
 A = Elapsed time spent in this place.
 B = Non-inter-level travel time spent in this place.
 C = Inter-level travel time spent in this place.
 D = Time resting spent in this place.
 E = Time spent auto-exploring this place.
 F = Levels seen in this place.
 G = Mean time per level.
                   A        B        C        D        E       F      G
               +--------+--------+--------+--------+--------+-----+--------+
         Total |   7502 |   7185 |    317 |   1304 |   3765 |  10 |  750.2 |
       Dungeon |   6231 |   6057 |    174 |    848 |   3640 |   7 |  890.1 |
        Temple |    279 |    136 |    143 |    103 |      0 |   1 |  279.0 |
         Sewer |    548 |    548 |      0 |    151 |    105 |   1 |  548.0 |
        Bailey |    443 |    443 |      0 |    202 |     19 |   1 |  443.0 |
               +--------+--------+--------+--------+--------+-----+--------+

Top non-repeatable levels by time:
     D:6: 1321 daAuts
     D:3: 1301 daAuts
     D:4: 1020 daAuts
     D:5: 890 daAuts
     D:1: 680 daAuts
   Sewer: 548 daAuts
     D:2: 540 daAuts
     D:7: 477 daAuts
  Bailey: 443 daAuts
  Temple: 279 daAuts
